 Dungeon Crawl Stone Soup version 0.30.0-29-ga12c61a403 (webtiles) character file.

Game seed: 11331378125098216716

333 loir the Magician (level 6, -1/47 HPs)
             Began as a Djinni Conjurer on June 3, 2023.
             Killed from afar by a white imp (9 damage)
             ... with a puff of frost
             ... on level 5 of the Dungeon on June 4, 2023.
             The game lasted 00:20:09 (3425 turns).

loir the Magician (Djinni Conjurer)                 Turns: 3425, Time: 00:20:10

Health: -1/47      AC:  2    Str:  6    XL:     6   Next: 83%
Gold:   204        EV: 13    Int: 22    God:
                   SH:  0    Dex: 11

rFire   + + +        d - +5 rapier (vamp)
rCold   x x .        (no shield)
rNeg    . . .        a - +0 robe
rPois   ∞            (no helmet)
rElec   .            (no cloak)
rCorr   .            (no gloves)
SInv    .            (boots unavailable)
Will    .....        b - amulet of reflection
Stlth   +            h - ring of fire
HPRegen 0.27/turn    (no ring)
MPRegen 0.00/turn

%: reflection, infuse magic (-2 HP)
@: confused, ambrosia-drunk, flying, very slightly contaminated
A: sickness immunity, fire resistance 2, cold vulnerability 1, float, innate
caster, HP casting, extra vitality 1
a: no special abilities


You were on level 5 of the Dungeon.
You visited 1 branch of the dungeon, and saw 5 of its levels.

You collected 256 gold pieces.
You spent 52 gold pieces at shops.

Inventory:

Hand Weapons
 d - a +5 vampiric rapier (weapon)
Missiles
 f - a throwing net
Armour
 a - a +0 robe (worn)
Jewellery
 b - an amulet of reflection (around neck)
 h - a ring of fire (left hand)
Wands
 o - a wand of charming (8)
Scrolls
 j - a scroll of identify
 m - 2 scrolls of blinking
Potions
 c - 2 potions of ambrosia
 e - a potion of lignification
 g - a potion of haste
 i - a potion of might
 k - a potion of mutation
 l - a potion of curing
 n - 2 potions of resistance
 p - a potion of heal wounds {unknown}


   Skills:
 * Level 3.8 Fighting
 + Level 3.7 Dodging
 - Level 1.5 Stealth
 * Level 4.5 Spellcasting


You knew the following spells:

 Your Spells              Type           Power      Damage    Failure   Level
a - Magic Dart            Conj           96%        1d7       1%          1
b - Searing Ray           Conj           48%        2d6       2%          2
c - Dazzling Flash        Conj/Hex       48%        N/A       4%          3
d - Fulminant Prism       Conj/Hex       12%        3d8       17%         4
e - Iskenderun's Mystic   Conj/Tloc      24%        2d7       17%         4
f - Sandblast             Erth           48%        2d12      1%          1
g - Wereblood             Tmut           24%        N/A       2%          2
Your spell library was empty.

Dungeon Overview and Level Annotations

Branches:
Dungeon (5/15)
 Temple: D:4-7

Altars:
Ashenzari
Dithmenos
Qazlal
Wu Jian
Yredelemnul

Shops:
D:3 *[!:

Annotations:
D:4 3 runed translucent doors, 2 transporters, AverageBear's ghost, novice HOMo


Innate Abilities, Weirdness & Mutations

You are immune to sickness and miasma.
You are immune to poison.
Your flesh is very heat resistant. (rF++)
You are vulnerable to cold. (rC-)
You float through the air rather than walking.
You learn spells naturally, not from books.
Your magical power is your life essence.
You have superior vitality. (+4 MHP)


Message History

Aim: a sleepcap (severely damaged, 100% to hit)
You miscast Searing Ray.
You are very lightly contaminated with residual magic.
Nothing appears to happen.
The howler monkey hits you.
Casting: Searing Ray (safe; 2% risk of failure)
Confirm with . or Enter, or press ? or * to list all spells.
Aiming: Searing Ray (safe; 2% risk of failure)
Press: ? - help, Shift-Dir - straight line, f/p - sleepcap
Aim: a sleepcap (severely damaged, 100% to hit)
The searing ray hits the howler monkey.
The howler monkey is moderately wounded.
The searing ray hits the sleepcap.
The sleepcap is almost destroyed. (Press . to maintain the ray.)
The howler monkey hits you!
The white imp hits you but does no damage.
The searing ray hits the howler monkey!
The howler monkey is severely wounded.
The searing ray hits the sleepcap.
You destroy the sleepcap!
The howler monkey hoots and howls with incredible vigour!
The white imp hits you. The white imp freezes you.
You feel a terrible chill!
* * * LOW HITPOINT WARNING * * *
You hear an angry hiss.
The searing ray misses the howler monkey.
* * * LOW HITPOINT WARNING * * *
The howler monkey barely misses you. The white imp gestures at you.
The puff of frost misses you.
You hit the howler monkey.
You feel better.
You kill the howler monkey!
You hear the slow hiss of an avalanche of sand nearby.
The white imp gestures at you. The puff of frost hits you!
You feel a terrible chill!
* * * LOW HITPOINT WARNING * * *
You are confused.
You feel invigorated. The white imp gestures at you.
The puff of frost hits you!
You feel a terrible chill!
You die...

..........#
.........####
...........
.>......#
......#
....?#
######...#
#....5.#
#.....@#
#.....##
#.....#
#.....#
#.....#
###.### #..#
##.## #..# .


You could see a white imp.

Vanquished Creatures
  An ogre (D:4)
  A howler monkey (D:5)
  A sleepcap (D:5)
  Jessica (D:2)
  An iguana (D:4)
  3 gnolls (D:2)
  3 adders
  A worm (D:2)
  4 dart slugs (D:4)
  4 orcs
  6 ball pythons
  5 endoplasms
  4 giant cockroaches
  3 goblins (D:2)
  6 hobgoblins
  4 jackals (D:4)
  2 quokkas
  2 bats
  A frilled lizard (D:1)
  2 kobolds
  3 rats
58 creatures vanquished.

Vanquished Creatures (others)
  A fulminant prism (D:4)
1 creature vanquished.

Grand Total: 59 creatures vanquished

Notes
Turn   | Place    | Note
-------+----------+-------------------------------------------
     0 | D:1      | loir the Djinni Conjurer began the quest for the Orb.
     0 | D:1      | loir set off with the following spells memorised: Magic
                  | Dart, Searing Ray, Dazzling Flash, Fulminant Prism,
                  | Iskenderun's Mystic Blast.
     0 | D:1      | Reached XP level 1. HP: 15/15 MP: 0/0
    98 | D:1      | Reached XP level 2. HP: 21/22 MP: 0/0
   548 | D:1      | Found a faded altar of an unknown god.
   589 | D:1      | Reached skill level 1 in Fighting
   608 | D:1      | Identified a scroll of acquirement
   608 | D:1      | Acquired a +3 vampiric rapier
   893 | D:2      | Noticed Jessica
   899 | D:2      | Killed Jessica
   900 | D:2      | Reached XP level 3. HP: 21/28 MP: 0/0
   900 | D:2      | Learned a level 1 spell: Sandblast
  1088 | D:2      | Reached XP level 4. HP: 33/33 MP: 0/0
  1090 | D:2      | Acquired an amulet of reflection
  1560 | D:3      | Found Coumoph's Antique Armour Emporium.
  1602 | D:3      | Found Jaluikog's Book Shoppe.
  1634 | D:3      | Found Sitoe's Distillery.
  1648 | D:3      | Found Cenumoiz's Assorted Antiques.
  1658 | D:3      | Bought a scroll of identify for 52 gold pieces
  1800 | D:3      | Reached XP level 5. HP: 37/39 MP: 0/0
  1800 | D:3      | Learned a level 2 spell: Wereblood
  1995 | D:3      | Found a stormy altar of Qazlal.
  1998 | D:3      | Noticed a fire elemental
  1998 | D:3      | Noticed an air elemental
  1998 | D:3      | Noticed a water elemental
  2565 | D:4      | Reached skill level 4 in Spellcasting
  2719 | D:4      | Noticed an ogre
  2724 | D:4      | Noticed AverageBear's ghost (novice HOMo)
  2728 | D:4      | Killed an ogre
  2729 | D:4      | Reached XP level 6. HP: 10/46 MP: 0/0
  2746 | D:4      | Identified the +12 whip of the Poles {freeze, +Blink rElec
                  | Int-4 Dex+10}
  2763 | D:4      | Noticed an orc warrior
  2915 | D:4      | Found a shadowy altar of Dithmenos.
  2932 | D:4      | Found a runed translucent gate.
  2933 | D:4      | Found a runed translucent gate.
  2934 | D:4      | Found a runed translucent gate.
  3023 | D:4      | Found a transporter.
  3028 | D:4      | Found a transporter.
  3033 | D:4      | Found a basalt altar of Yredelemnul.
  3034 | D:4      | Found an ornate altar of the Wu Jian Council.
  3153 | D:4      | Found a broken altar of Ashenzari.
  3374 | D:5      | Entered Level 5 of the Dungeon
  3425 | D:5      | Killed from afar by a white imp

Illustrated notes

Levels and vault maps discovered:
D:1:      dpeg_arrival_line_fractal, layout_basic,
          ebering_ecumenical_altar_sacrificial, nicolae_kite_square_tiling_tiny
D:2:      layout_loops_ring, kennysheep_jessica_study
D:3:      layout_basic, nicolae_qazlal_style_of_elements, serial_shops,
          nicolae_shop_window_shopping, nicolae_shop_tiny_waterfront, shop,
          shop, st_stairs_7
D:4:      layout_cave_pools, mainiacjoe_overflow_catch_the_wave,
          gammafunk_temple_overflow_arena, biasface_ghost_orc_armoury
D:5:      layout_rooms, nicolae_ossuary_entry_giza

Skill      XL: |  1  2  3  4  5 |
---------------+----------------+-----
Fighting       | 1 2 3 |  3.8
Dodging        | 3 |  3.7
Spellcasting   | 4 |  4.5
Stealth        | |  1.5

Action                     |  1- 3 |  4- 6 || total
---------------------------+-------+-------++-------
  Melee: Rapier            |     7 |    10 ||    17
   Cast: Magic Dart        |    31 |    84 ||   115
         Searing Ray       |     1 |     4 ||     5
         Sandblast         |       |     1 ||     1
         Fulminant Prism   |       |     1 ||     1
    Use: Scroll            |    12 |    10 ||    22
         Potion            |       |     1 ||     1
   Stab: Sleeping          |     1 |     1 ||     2
 Armour: Robe              |     1 |     3 ||     4
  Dodge: Dodged            |     2 |    11 ||    13
  Block: Other             |       |     4 ||     4
